 Dungeon Crawl Stone Soup version 0.20.1-1-g8b1a95d (webtiles) character file.

2448 Minstaer the Fighter (level 9, -4/89 HPs)
             Began as a Minotaur Berserker on Nov 3, 2017.
             Was an Elder of Trog.
             Slain by a death yak (12 damage)
             ... on level 8 of the Dungeon.
             The game lasted 00:30:43 (8132 turns).

Minstaer the Fighter (Minotaur Berserker)           Turns: 8132, Time: 00:30:44

Health: -4/89      AC:  5    Str: 22    XL:     9   Next: 25%
Magic:  8/8        EV: 12    Int:  4    God:    Trog [****..]
Gold:   305        SH:  0    Dex: 13    Spells: 8/8 levels left

rFire    . . .     SeeInvis .   a - +3 battleaxe
rCold    . . .     Gourm    .   (shield currently unavailable)
rNeg     . . .     Faith    .   u - +0 leather armour
rPois    .         Spirit   .   w - +2 hat
rElec    .         Reflect  .   (no cloak)
rCorr    .         Harm     .   (no gloves)
MR       .....                  (no boots)
Stlth    +.........             (no amulet)
Regen    0.3/turn               (no ring)
MPRegen  0.2/turn               (no ring)

@: berserk cooldown
A: retaliatory headbutt, horns 2
a: Berserk, Trog's Hand, Brothers in Arms, Burn Spellbooks, Renounce Religion


You were on level 8 of the Dungeon.
You worshipped Trog.
Trog was greatly pleased with you.
You were hungry.

You visited 2 branches of the dungeon, and saw 9 of its levels.

You collected 305 gold pieces.

Inventory:

Hand Weapons
 a - a +3 battleaxe (weapon)
 b - the +3 fustibalus "Bijadiama" {freeze, rElec}
   (You took it off an orc on level 6 of the Dungeon)

   It causes projectiles fired from it to freeze those they strike, causing
   extra injury to most foes and up to half again as much damage against
   particularly susceptible opponents.
   They can also slow down cold-blooded creatures.
   It insulates you from electricity.
 d - a +0 hunting sling
 h - a cursed +0 flail of crushing
 i - a +0 hand axe
 l - a +2 halberd of protection
 O - a +0 hand axe of flaming
Missiles
 f - 183 arrows
 g - 271 stones
 o - 129 sling bullets
 v - a throwing net
 y - 4 javelins (quivered)
 H - 38 poisoned needles
 I - 59 bolts
Armour
 r - a +0 chain mail
 u - a +0 leather armour (worn)
 w - a +2 hat (worn)
 L - a +0 animal skin
Jewellery
 K - an uncursed ring of ice
Wands
 t - a wand of lightning (0/15)
Scrolls
 e - 7 scrolls of teleportation
 j - 5 scrolls of random uselessness {unknown}
 k - 2 scrolls of magic mapping {unknown}
 m - 2 scrolls of recharging {unknown}
 n - a scroll of remove curse
 q - a scroll of enchant armour {unknown}
 z - 2 scrolls of immolation {unknown}
 B - a scroll of enchant weapon {unknown}
 F - a scroll of noise {unknown}
 J - a scroll of summoning {unknown}
 N - a scroll of blinking {unknown}
 R - a scroll of identify
Potions
 p - a potion of resistance
 s - a potion of heal wounds
 x - 2 potions of might
 D - a potion of berserk rage {unknown}
 E - a potion of mutation {unknown}
 G - 2 potions of lignification
 M - a potion of brilliance {unknown}
 Q - 2 potions of curing
Comestibles
 c - 5 bread rations
 A - 14 chunks of flesh
 C - 2 royal jellies
 P - a fruit


   Skills:
 + Level 11.0 Fighting
 + Level 11.0 Axes
 - Level 2.4 Armour
 - Level 2.1 Dodging


You had 8 spell levels left.
You didn't know any spells.

Dungeon Overview and Level Annotations

Branches:
Dungeon (8/15)             Temple (1/1) D:5            Lair (0/6) D:8

Altars:
Dithmenos
Kikubaaqudgha
Qazlal
Ru
Zin

Annotations:
D:1 Sigmund
D:5 5 runed doors
D:8 flt's ghost, novice OpTm


Innate Abilities, Weirdness & Mutations

You reflexively headbutt those who attack you in melee.
You have a pair of horns on your head.


Message History

The porcupine bites you.
* * * LOW HITPOINT WARNING * * *
The porcupine twitches its whiskers.
The porcupine closely misses you. You furiously retaliate!
You headbutt the porcupine, but do no damage.
The porcupine bites you.
* * * LOW HITPOINT WARNING * * *
There is an open door here.
Flt's ghost briefly turns into a dragon and back.
You see here a club.
The death yak closely misses you.
Things that are here:
a whip; a club; an orc skeleton The death yak gores you.
* * * LOW HITPOINT WARNING * * *
The death yak completely misses you.
There is a stone staircase leading up here.
You feel yourself speed up. The death yak gores you!
You die...

#...## #..
.....## #.#
......## ##.#
......W####..#
.......'.....#
.......####rY#
......## ##)#
.....##
#r#######.#
#..Y##
#..YY@....#
##'##
####.######
#O# #.# #.#
#.#
##.#########
#.#
#.O.#.......
#.# ......#
#.. ....#WO.#
.#.
##.##r...... .
.


You could see 2 death yaks and a porcupine.

Vanquished Creatures
  A hornet (D:7)
  A black bear (D:7)
  2 sky beasts (D:5)
  4 ogres
  A centaur (D:7)
  A bullfrog (D:7)
  A gnoll sergeant (D:6)
  2 scorpions
  5 wights (D:6)
  2 crimson imps
  A bullfrog zombie (D:7)
  5 hounds
  7 orc priests
  4 jellies
  2 orc wizards
  A gnoll shaman (D:5)
  Jessica (D:2)
  Terence (D:2)
  2 worker ants
  A hound zombie (D:7)
  A hound skeleton (D:5)
  9 gnolls
  5 adders
  2 shadow imps
  An adder skeleton (D:6)
  An adder zombie (D:6)
  6 worms
  2 dart slugs (D:1)
  6 leopard geckos
  25 orcs
  13 giant cockroaches
  10 goblins
  6 hobgoblins
  8 jackals
  14 kobolds
  7 quokkas
  3 ball pythons
  8 bats
  5 frilled lizards
  10 rats
187 creatures vanquished.

Notes
Turn   | Place    | Note
-------+----------+-------------------------------------------
     0 | D:1      | Minstaer the Minotaur Berserker began the quest for the Orb.
     0 | D:1      | Reached XP level 1. HP: 19/19 MP: 0/0
    70 | D:1      | Reached XP level 2. HP: 15/27 MP: 1/1
   581 | D:1      | Reached XP level 3. HP: 34/34 MP: 2/2
   962 | D:2      | Noticed Terence
   967 | D:2      | Killed Terence
   967 | D:2      | Reached ** piety under Trog
   983 | D:2      | Reached skill level 5 in Fighting
   983 | D:2      | Reached XP level 4. HP: 27/42 MP: 3/3
  1122 | D:2      | Reached skill level 5 in Axes
  1159 | D:2      | Noticed Jessica
  1174 | D:2      | Killed Jessica
  1389 | D:2      | Found a sacrificial altar of Ru.
  1446 | D:2      | Noticed Sigmund
  2461 | D:3      | Reached XP level 5. HP: 48/49 MP: 4/4
  3214 | D:3      | Reached XP level 6. HP: 57/58 MP: 5/5
  3365 | D:4      | Reached *** piety under Trog
  4239 | D:5      | Entered Level 5 of the Dungeon
  4244 | D:5      | Noticed a water moccasin
  4245 | D:5      | Noticed a water moccasin
  4245 | D:5      | Noticed a soldier ant
  4245 | D:5      | Noticed a water moccasin
  4245 | D:5      | Noticed a soldier ant
  4246 | D:5      | Noticed a water moccasin
  4247 | D:5      | Found a runed door.
  4248 | D:5      | Noticed a water moccasin
  4253 | D:5      | Found a runed gate.
  4255 | D:5      | Found a runed gate.
  4255 | D:5      | Found a runed gate.
  4257 | D:5      | Noticed a soldier ant
  4257 | D:5      | Noticed a soldier ant
  4257 | D:5      | Noticed a soldier ant
  4263 | D:5      | Found a runed door.
  4397 | D:5      | Reached XP level 7. HP: 47/66 MP: 6/6
  4626 | D:5      | Found a staircase to the Ecumenical Temple.
  4772 | Temple   | Entered the Ecumenical Temple
  5714 | D:5      | Reached XP level 8. HP: 66/75 MP: 7/7
  6365 | D:6      | Reached **** piety under Trog
  6620 | D:6      | Got a transparent fustibalus
  6628 | D:6      | Identified the cursed +3 fustibalus "Bijadiama" {freeze, rElec} (You took it off an orc on level 6 of the Dungeon)
  7143 | D:6      | Reached skill level 10 in Fighting
  7143 | D:6      | Reached skill level 10 in Axes
  7608 | D:7      | Reached XP level 9. HP: 63/86 MP: 8/8
  8103 | D:8      | Noticed a death yak
  8103 | D:8      | Found a staircase to the Lair.
  8105 | D:8      | Noticed a death yak
  8106 | D:8      | Noticed a death yak
  8106 | D:8      | Noticed flt's ghost (novice OpTm)
  8132 | D:8      | Slain by a death yak

Skill      XL: |  1  2  3  4  5  6  7  8  9 |
---------------+----------------------------+-----
Fighting       | 4 5 6 7 8 10 11 | 11.0
Axes           | 4 5 6 7 8 10 11 | 11.0
Armour         | |  2.4
Dodging        | |  2.1

Action                   |  1- 3 |  4- 6 |  7- 9 || total
-------------------------+-------+-------+-------++-------
Melee: Hand axe          |    66 |   184 |    76 ||   326
       Headbutt          |     8 |    35 |    39 ||    82
       Battleaxe         |       |       |    91 ||    91
 Fire: Fustibalus        |       |       |     2 ||     2
Throw: Javelin           |       |     6 |     6 ||    12
Invok: Berserk           |     1 |     1 |     3 ||     5
       Trog's Hand       |       |     1 |       ||     1
Evoke: Wand              |       |       |     4 ||     4
  Use: Scroll            |       |     1 |     6 ||     7
       Potion            |       |       |     3 ||     3
  Eat: Chunk             |       |    11 |     9 ||    20
       Royal jelly       |       |     1 |       ||     1
       Meat ration       |       |       |     1 ||     1
Armor: Animal skin       |    12 |       |       ||    12
       Leather armour    |       |    36 |    32 ||    68
Dodge: Dodged            |    49 |   112 |   116 ||   277
